 Dungeon Crawl Stone Soup version 0.17.0-28-g6e173f8 (webtiles) character file.

221 septik the Cudgeler (level 5, 0/32 HPs)
             Began as a Gargoyle Fighter on Nov 24, 2015.
             Slain by a giant newt (2 damage)
             ... on level 4 of the Dungeon.
             The game lasted 00:04:30 (1973 turns).

septik the Cudgeler (Gargoyle Fighter)              Turns: 1973, Time: 00:04:31

Health: 0/32       AC: 10    Str: 19    XL:     5   Next: 98%
Magic:  5/5        EV:  7    Int:  9    God:
Gold:   79         SH:  9    Dex: 10    Spells: 0 memorised, 4 levels left

rFire  . . .     SeeInvis .     a - +0 flail
rCold  . . .     Clarity  .     b - +0 scale mail
rNeg   + . .     SustAt   .     c - +0 shield
rPois  ∞         Gourm    .     (no helmet)
rElec  +         Spirit   .     (no cloak)
rCorr  .         Warding  .     (no gloves)
rMut   .         Stasis   .     (no boots)
MR     +....                    (no amulet)
Stlth  +.........               u - ring of stealth
                                k - ring of protection from magic

@: somewhat resistant to hostile enchantments, very unstealthy
A: negative energy resistance 1, electricity resistance, unbreathing,
petrification resistance, rot immunity, AC +4
a: no special abilities


You were on level 4 of the Dungeon.
You were not hungry.

You visited 1 branch of the dungeon, and saw 4 of its levels.

You collected 79 gold pieces.

Inventory:

Hand Weapons
 a - a +0 flail (weapon)
Missiles
 g - 52 stones (quivered)
 h - 19 poisoned needles
Armour
 b - a +0 scale mail (worn)
 c - a +0 shield (worn)
Jewellery
 k - a ring of protection from magic (left hand)
 u - a ring of stealth (right hand)
Scrolls
 f - 2 scrolls of blinking {unknown}
 i - a scroll of fear {unknown}
 m - a scroll of enchant weapon {unknown}
 o - 2 scrolls of teleportation {unknown}
 p - a scroll of magic mapping {unknown}
 r - a scroll of identify {unknown}
 s - a scroll of enchant armour {unknown}
 t - a scroll of remove curse {unknown}
Potions
 d - a potion of might
 j - 2 potions of curing {unknown}
 l - a potion of mutation {unknown}
 q - 2 potions of haste {unknown}
Comestibles
 e - a bread ration
 n - a meat ration


   Skills:
 - Level 3.2 Fighting
 + Level 6.0 Maces & Flails
 - Level 3.2 Armour
 - Level 3.2 Shields


You had 4 spell levels left.
You didn't know any spells.

Dungeon Overview and Level Annotations

Branches:
Dungeon (4/15)
 Temple: D:4-7

Altars:
Makhleb
Zin

Annotations:
D:3 Statics's ghost, amateur DsTm


Innate Abilities, Weirdness & Mutations

You are resistant to torment.
Your stone body is resilient (AC +4).
You are immune to poison.
You resist negative energy.
You are resistant to electric shocks.
You can survive without breathing.
You are immune to petrification.
You are immune to rotting.


Message History

You block the iguana's attack.
Your shield and scale mail prevent you from hitting the iguana.
The iguana is severely wounded.
You block the iguana's attack.
Your shield and scale mail prevent you from hitting the iguana.
The iguana is severely wounded.
The giant newt barely misses you. The iguana bites you.
* * * LOW HITPOINT WARNING * * *
The giant newt closely misses you.
You barely miss the iguana.
The iguana is severely wounded.
The iguana bites you.
* * * LOW HITPOINT WARNING * * *
The giant newt bites you but does no damage.
You hit the iguana.
You kill the iguana!
Your Maces & Flails skill increases to level 6!
The giant newt bites you but does no damage.
The giant newt bites you.
You die...

#.........#.#.#.....
#########...#.#.)...
#.###.###...
##.#.....#...
##########..#######...
............≈≈≈≈≈≈≈...
####...##..#######...
+.?.+...#.....#...
#@..###.###.###...
#..l.......#.#.....
.........#...# #.....
...........#.......#+##
<...........#...#..##
#...........+. #.#
+...........# ..
#...........# #.. ..


You could see a giant newt.

Vanquished Creatures
  An ogre (D:4)
  An iguana (D:4)
  A worker ant (D:4)
  A hound skeleton (D:4)
  3 adders (D:4)
  2 worms (D:2)
  An orc (D:4)
  5 goblins
  6 hobgoblins
  6 kobolds
  2 quokkas
  6 bats
  4 giant cockroaches
  3 giant newts
  A quokka skeleton (D:4)
  3 rats (D:1)
  A plant (D:1)
47 creatures vanquished.

Notes
Turn   | Place    | Note
--------------------------------------------------------------
     0 | D:1      | septik the Gargoyle Fighter began the quest for the Orb.
     0 | D:1      | Reached XP level 1. HP: 14/14 MP: 1/1
   229 | D:1      | Reached XP level 2. HP: 19/19 MP: 2/2
   821 | D:1      | Reached XP level 3. HP: 20/23 MP: 3/3
  1160 | D:2      | You fall through a shaft!
  1160 | D:3      | Noticed Statics's ghost (amateur DsTm)
  1187 | D:3      | Found a burning altar of Makhleb.
  1189 | D:3      | Found a glowing silver altar of Zin.
  1306 | D:4      | Reached skill level 4 in Maces & Flails
  1605 | D:4      | Reached XP level 4. HP: 21/28 MP: 4/4
  1667 | D:4      | Noticed an ogre
  1865 | D:4      | Killed an ogre
  1865 | D:4      | Reached skill level 5 in Maces & Flails
  1865 | D:4      | Reached XP level 5. HP: 8/32 MP: 5/5
  1972 | D:4      | Reached skill level 6 in Maces & Flails
  1973 | D:4      | Slain by a giant newt

Action                   |  1- 3 |  4- 6 || total
-------------------------+-------+-------++-------
Melee: Flail             |   193 |    46 ||   239
  Eat: Chunk             |     3 |     1 ||     4
